 Dungeon Crawl Stone Soup version 0.30.0-19-g36f170ea60 (webtiles) character file.

Game seed: 17800128247673357082

182 Irreverend the Insei (level 5, -5/38 HPs)
             Began as a Merfolk Transmuter on May 28, 2023.
             Slain by a mummy (8 damage)
             ... in an ossuary.
             The game lasted 00:04:24 (3767 turns).

Irreverend the Insei (Merfolk Transmuter)           Turns: 3767, Time: 00:04:24

Health: -5/38      AC:  2    Str: 10    XL:     5   Next: 61%
Magic:  9/9        EV: 13    Int: 14    God:
Gold:   122        SH:  0    Dex: 15    Spells: 3/9 levels left

rFire   . .          .
                       - Unarmed
rCold   . . .        (no shield)
rNeg    . . .        a - +0 robe
rPois   .            (no helmet)
rElec   .            (no cloak)
rCorr   .            (no gloves)
SInv    .            (no boots)
Will    .....        v - amulet of magic regeneration
Stlth   +            (no ring)
HPRegen 0.26/turn    (no ring)
MPRegen 0.51/turn

%: no passive effects
@: wereblooded
A: (nimble swimmer 2), mertail
a: no special abilities


You were in an ossuary.
You visited 1 branch of the dungeon, and saw 4 of its levels.
You also visited: Ossuary.

You collected 122 gold pieces.

Inventory:

Armour
 a - a +0 robe (worn)
Jewellery
 v - an amulet of magic regeneration (around neck)
Scrolls
 e - 2 scrolls of enchant weapon {unknown}
 g - 2 scrolls of brand weapon {unknown}
 h - 4 scrolls of teleportation {unknown}
 i - a scroll of fog {unknown}
 j - 6 scrolls of identify {unknown}
 k - a scroll of noise {unknown}
 m - a scroll of torment {unknown}
 n - a scroll of magic mapping {unknown}
 p - a scroll of blinking {unknown}
 q - a scroll of enchant armour {unknown}
 x - a scroll of fear {unknown}
Potions
 b - 3 potions of lignification
 c - 2 potions of berserk rage {unknown}
 d - 3 potions of mutation {unknown}
 f - a potion of attraction {unknown}
 l - a potion of ambrosia {unknown}
 o - 4 potions of curing {unknown}
 r - a potion of cancellation {unknown}
 s - 2 potions of heal wounds {unknown}
 t - a potion of might {unknown}
 u - a potion of degeneration {unknown}
 w - a potion of invisibility {unknown}


   Skills:
 + Level 2.2 Fighting
 + Level 3.7 Dodging
 * Level 4.6 Unarmed Combat
 + Level 2.7 Spellcasting
 + Level 3.8 Transmutations
 + Level 1.4 Poison Magic


You had 3 spell levels left.
You knew the following spells:

 Your Spells              Type           Power      Damage    Failure   Level
a - Beastly Appendage     Tmut           24%        N/A       4%          1
b - Wereblood             Tmut           12%        N/A       7%          2
c - Spider Form           Tmut/Pois      9%         N/A       22%         3

Your spell library contained the following spells:

 Spells                   Type           Power      Damage    Failure   Level
 Slow                     Hex            4%         N/A       22%         1
 Cigotuvi's Dreadful Rot  Necr/Pois/Air  6%         N/A       28%         2
 Confusing Touch          Hex            1%         N/A       54%         3
 Ozocubu's Armour         Ice            1%         N/A       54%         3
 Vampiric Draining        Necr           1%         2d6       54%         3
 Ice Form                 Ice/Tmut       7%         N/A       71%         4
 Dispel Undead            Necr           1%         3d6       91%         4
 Death Channel            Necr           0%         N/A       100%        6
 Ozocubu's Refrigeration  Ice            0%         4d7       100%        7


Dungeon Overview and Level Annotations

Branches:
Dungeon (4/15)            Ossuary (1/1)
 Temple: D:4-7

Altars:
Ashenzari
Dithmenos
Elyvilon
The Shining One


Innate Abilities, Weirdness & Mutations

((You are very nimble when in or above water. (Stealth+, EV+, Speed+++)))
Your lower body shifts to a powerful aquatic tail in water.


Message History

The mummy is lightly damaged.
The mummy hits you but does no damage. The mummy hits you!
* * * LOW HITPOINT WARNING * * *
You hit the mummy. You headbutt the mummy.
The mummy is heavily damaged.
You hit the mummy. You headbutt the mummy!
You feel a bit better.
You destroy the mummy!
The bullfrog zombie barely misses you. The mummy closely misses you.
There is an open door, spattered with blood here.
You hit the mummy.
The mummy is lightly damaged.
You completely miss the mummy.
The mummy is lightly damaged.
You hit the mummy.
The mummy is moderately damaged.
You barely miss the mummy.
The mummy is moderately damaged.
Your horns disappear.
The mummy hits you.
You hit the mummy.
The mummy is heavily damaged.
The mummy barely misses you.
You barely miss the mummy.
The mummy is heavily damaged.
You hit the mummy but do no damage.
The mummy is heavily damaged.
The mummy misses you.
You hit the mummy. You punch the mummy.
The mummy is severely damaged.
The mummy hits you but does no damage.
You hit the mummy but do no damage.
The mummy is severely damaged.
You howl as the wereblood boils in your veins!
The mummy hits you!
* * * LOW HITPOINT WARNING * * *
The mummy barely misses you.
You hit the mummy.
The mummy is severely damaged.
The mummy hits you!
You die...

## ## #. .# #
'#+#+#'#'#'###
...........'.#
#+##+##Z##.###
#.MM# #.M@#
#∩..# #####


You could see 3 mummies and a bullfrog zombie.

Vanquished Creatures
  An orc priest (D:3)
  An orc wizard (D:4)
  A mummy (Ossuary)
  4 adders
  3 worms
  7 orcs
  8 bats
  5 endoplasms
  A giant cockroach (D:4)
  4 goblins
  3 hobgoblins (D:2)
  9 kobolds
  4 quokkas (D:1)
  4 ball pythons
  3 frilled lizards
  4 rats
62 creatures vanquished.

Notes
Turn   | Place    | Note
-------+----------+-------------------------------------------
     0 | D:1      | Irreverend the Merfolk Transmuter began the quest for the
                  | Orb.
     0 | D:1      | Reached XP level 1. HP: 15/15 MP: 3/3
   200 | D:1      | Reached XP level 2. HP: 6/21 MP: 3/5
   376 | D:1      | Found a faded altar of an unknown god.
   675 | D:1      | Reached XP level 3. HP: 26/26 MP: 4/6
  1088 | D:2      | Learned a level 2 spell: Wereblood
  1092 | D:2      | Learned a level 3 spell: Spider Form
  1576 | D:2      | Reached skill level 4 in Unarmed Combat
  1792 | D:2      | Reached XP level 4. HP: 32/32 MP: 5/7
  2045 | D:3      | Found a shadowy altar of Dithmenos.
  2046 | D:3      | Found a white marble altar of Elyvilon.
  2506 | D:3      | Found a glowing golden altar of the Shining One.
  2709 | D:3      | Reached skill level 1 in Poison Magic
  2709 | D:3      | Reached XP level 5. HP: 37/38 MP: 5/8
  2916 | D:3      | Identified the +8 whip of the End of Times {flame, rN+
                  | Int+4}
  3351 | D:4      | Found a broken altar of Ashenzari.
  3730 | D:4      | Found a sand-covered staircase.
  3741 | Ossuary  | Entered an ossuary
  3767 | Ossuary  | Slain by a mummy

Illustrated notes

Levels and vault maps discovered:
D:1:      nagdon_arrival_zigzag_paths, layout_basic, basic_ecumenical_altar
D:2:      layout_loops_corners, serial_bayou_pond_b, roderic_lattice_a
D:3:      layout_basic, chequers_temple_overflow_statue_of_worship,
          lemuel_tele_altar
D:4:      layout_basic, cheibrodos_ashenzari_chains, enter_ossuary_1,
          minmay_fractal_squares_gapless_5
Ossuary:  ossuary_zaba_flooded

Skill      XL: |  1  2  3  4 |
---------------+-------------+-----
Transmutations | 3 |  3.8
Dodging        | 3 |  3.7
Unarmed Combat | 4 |  4.6
Fighting       | 2 |  2.2
Poison Magic   | 1 |  1.4
Spellcasting   | |  2.7

Action                     |  1- 3 |  4- 6 || total
---------------------------+-------+-------++-------
  Melee: Unarmed           |    97 |   119 ||   216
         Headbutt          |    11 |    16 ||    27
         Punch             |     5 |     4 ||     9
   Cast: Beastly Appendage |    23 |    17 ||    40
         Wereblood         |       |    19 ||    19
   Stab: Sleeping          |     4 |       ||     4
 Armour: Robe              |     9 |    12 ||    21
  Dodge: Dodged            |    45 |    64 ||   109
